 Dungeon Sprint DCSS version 0.20-a0-839-gdaf5c57 (webtiles) character file.

7400000 esc the Conqueror (level 27, -16/321 (323) HPs)
             Began as a Demonspawn Fighter on Mar 8, 2017.
             Was the Champion of Makhleb.
             Demolished by a bag of meat
             ... wielding a +9 war axe
              (18 damage)
             ... in the Dungeon (Sprint VIII: "Arena of Blood").
             The game lasted 00:03:11 (74 turns).

esc the Conqueror (Demonspawn Fighter)                Turns: 74, Time: 00:03:12

HP:   -16/321 (323) AC: 17    Str: 28    XL:     27
MP:   54/54         EV: 39    Int: 11    God:    Makhleb [******]
Gold: 0             SH:  0    Dex: 23    Spells: 80/80 levels left

rFire    + . .     SeeInvis +   l - +∞ Axe of Woe
rCold    . . .     Gourm    .   b - +0 scale mail
rNeg     . . .     Faith    .   (shield currently unavailable)
rPois    .         Spirit   .   (helmet unavailable)
rElec    .         Reflect  .   (no cloak)
rCorr    +         Harm     .   (no gloves)
MR       ++...     NoTele   +   (no boots)
Stlth    +++++++++.             (no amulet)
Regen    0.7/turn               (no ring)
MPRegen  0.4/turn               (no ring)

@: mighty, agile
A: antennae 3, yellow scales 3, fire resistance 1, ignite blood, powered by pain
3, robust 3, flame cloud immunity
a: Minor Destruction, Lesser Servant of Makhleb, Major Destruction, Greater
Servant of Makhleb, Renounce Religion


You were in the Dungeon.
You worshipped Makhleb.
Makhleb was exalted by your worship.
You were not hungry.

You visited 1 branch

Inventory:

Hand Weapons
 a - a +0 war axe
 l - the +∞ Axe of Woe (weapon)
   (You found it in the Dungeon)
Armour
 b - a +0 scale mail (worn)
 c - a +0 shield
Scrolls
 k - a scroll of blinking {!r}
Potions
 d - a potion of might
 e - a potion of curing
 h - a potion of haste
 i - 2 potions of magic
 j - a potion of berserk rage {!q}
Comestibles
 f - a bread ration {@e1}


   Skills:
 O Level 27 Fighting
 O Level 27 Axes
 O Level 27 Throwing
 O Level 27 Armour
 O Level 27 Dodging
 O Level 27 Stealth
 O Level 27 Shields
 O Level 27 Unarmed Combat
 O Level 27 Spellcasting
 O Level 27 Invocations


You had 80 spell levels left.
You didn't know any spells.

Dungeon Overview and Level Annotations

Branches:
Dungeon (1/1)

Altars:
Makhleb

Annotations:
D The Servant


Innate Abilities, Weirdness & Mutations

You have a pair of large antennae on your head. (SInv)
You are completely covered in yellow scales. (AC +4, rCorr)
Your flesh is heat resistant. (rF+)
Your demonic aura causes spilled blood to erupt in flames.
You are powered by pain.
You are extremely robust. (+30% HP)
You are immune to clouds of flame.


Message History

The eight-headed meat hydra convulses!
The meat berserker convulses!
Your body is wracked with pain!
* * * LOW HITPOINT WARNING * * *
You focus on the pain.
You feel more agile all of a sudden.
The bag of meat convulses! x3; The eight-headed meat hydra convulses!
The meat berserker convulses!
The bag of meat convulses!
You hear a shout! x2
The eight-headed meat hydra calls on the powers of darkness!
The eight-headed meat hydra convulses!
The meat berserker convulses!
The bag of meat convulses! x4
Your body is wracked with pain!
* * * LOW HITPOINT WARNING * * *
The bag of meat convulses! x4; The meat berserker convulses! x2
The bag of meat convulses!
The eight-headed meat hydra convulses!
The bag of meat convulses!
The Servant convulses!
The bag of meat convulses! x5
You hear a shout! x2
You take 45 damage, and have 24/323 hp.
Unknown command.
Unknown command.
You open the accursed like a pillowcase!!!
You cleave the accursed in twain.
You destroy the accursed!
Makhleb accepts your kill.
You feel extremely nervous for a moment...
You feel your flesh rotting away!
You slice the meat berserker!!
You fatally mangle the meat berserker.
You kill the meat berserker!
Makhleb accepts your kill.
You feel better.
You slice the meat beast!!
You hew the meat beast savagely.
You kill the meat beast!
Makhleb accepts your kill.
You slice the destroyer!!
You cleave the destroyer in twain.
You destroy the destroyer!
Makhleb accepts your kill.
The meat berserker is engulfed in blazing flames.
You kill the meat berserker!
Makhleb accepts your kill.
You feel better.
You hear a shout! x6
The destroyer is engulfed in blazing flames.
You hear a shout! x2
Some corpses begin to drag themselves along the ground!
Some corpses meld into an agglomeration of writhing flesh!
The meat berserker appears out of thin air!
A meat berserker comes into view. It is wielding a +9 battleaxe.
You hear a shout! x3
The eight-headed meat hydra calls on the powers of darkness!
The eight-headed meat hydra convulses!
Your body is wracked with pain!
The bag of meat convulses! x4; The eight-headed meat hydra convulses!
The bag of meat convulses! 2 small abominations and 5 crawling corpses come into view.
You regained 75 hp, and now have 99/321 hp.
Unknown command.
Unknown command.
You slice the destroyer!!
You cleave the destroyer in twain.
You destroy the destroyer!
Makhleb accepts your kill.
You feel better.
You slice the meat berserker!!
You hew the meat berserker savagely.
You kill the meat berserker!
Makhleb accepts your kill.
You feel better.
You slash the large abomination!
You butcher the large abomination messily.
You destroy the large abomination!
Makhleb accepts your kill.
You feel better.
You hear a shout! x4
The bag of meat is engulfed in blazing flames.
You kill the bag of meat!
Makhleb accepts your kill.
You feel better.
You hear a shout! x3
The destroyer blinks!
You hear a shout! x2
You regained 196 hp, and now have 295/321 hp.
A bag of meat comes into view. It is wielding a +9 war axe.
You hear a shout! x3
The accursed points at you and mumbles some strange words.
Something smites you!
The sculptor of flesh is engulfed in blazing flames.
The sculptor of flesh hits you with a +9 great sword!!!!!
Ouch! That really hurt!
* * * LOW HITPOINT WARNING * * *
The destroyer is engulfed in blazing flames.
The destroyer hits you with a +9 great sword of slicing!!!
* * * LOW HITPOINT WARNING * * *
You focus on the pain.
You feel mightier all of a sudden.
* * * LOW HITPOINT WARNING * * *
The destroyer bites you but does no damage.
You hear a shout! x3
A crawling corpse suddenly disappears!
You hear a shout!
The crawling corpse is engulfed in blazing flames.
You destroy the crawling corpse!
The bag of meat is engulfed in blazing flames.
The bag of meat hits you with a +9 war axe!!
You die...

####.......=......
####.......o.).......
####....o.....##)##.####
##....oo).{o.......{).o{.
....o.o{####.....##.##oo.
o.o.xOo#))).........oV§o.
o...oooo#oxx.....%x#{#%..
....oM@o#V§§.D......)o{..
..V###oz@#§)x.....)))§...
o# #..oo§§#o{{...))§§§.%.
.....x.oD§xo....))§)....
...#.§o§§..V...)))).V...
....#..x.....#)..)...#..
......§#.xM..#.))....#..
....#......###)).....###
................###.....
.......#........_).....


You could see 2 accurseds, The Servant, 2 eight-headed meat hydras, 2
destroyers, a sculptor of flesh, a meat berserker (berserk), 4 small
abominations, 18 bags of meat and 3 crawling corpses.

Vanquished Creatures
  Sigmund (D)
  2 hell beasts (D)
  3 greater mummies (D)
  5 vampire knights (D)
  22 ogres (D)
  6 two-headed ogres (D)
  A lich (D)
  51 orcs (D)
  3 skeletal warriors (D)
  3 large abominations (D)
  3 small abominations (D)
  4 crawling corpses (D)
104 creatures vanquished.

Vanquished Creatures (others)
  A crawling corpse (D)
1 creature vanquished.

Grand Total: 105 creatures vanquished

Notes
Turn   | Place    | Note
-------+----------+-------------------------------------------
     0 | D        | esc the Demonspawn Fighter began the quest for the Orb.
     0 | D        | Reached XP level 1. HP: 18/18 MP: 1/1
     2 | D        | Noticed a bag of meat
     2 | D        | Noticed a bag of meat
     3 | D        | Noticed a bag of meat
     4 | D        | Noticed a bag of meat
     4 | D        | Noticed a meat berserker
     6 | D        | Noticed a bag of meat
     6 | D        | Noticed a bag of meat
     6 | D        | Noticed a meat berserker
     9 | D        | Became a worshipper of Makhleb the Destroyer
     9 | D        | Noticed a bag of meat
    10 | D        | Killed a meat berserker
    10 | D        | Reached skill level 15 in Fighting
    10 | D        | Reached skill level 14 in Axes
    10 | D        | Reached skill level 14 in Armour
    10 | D        | Reached skill level 14 in Dodging
    10 | D        | Reached skill level 14 in Shields
    10 | D        | Gained mutation: You sometimes gain a little power by taking damage. [demonic ancestry]
    10 | D        | Reached XP level 2. HP: 44/44 MP: 2/2
    10 | D        | Reached XP level 3. HP: 50/50 MP: 3/3
    10 | D        | Gained mutation: Your flesh is heat resistant. (rF+) [demonic ancestry]
    10 | D        | Reached XP level 4. HP: 57/57 MP: 4/4
    10 | D        | Gained mutation: You have a pair of small antennae on your head. [demonic ancestry]
    10 | D        | Reached XP level 5. HP: 63/63 MP: 5/5
    10 | D        | Gained mutation: You are partially covered in yellow scales. (AC +2) [demonic ancestry]
    10 | D        | Reached XP level 6. HP: 70/70 MP: 6/6
    10 | D        | Gained mutation: You have a pair of antennae on your head. [demonic ancestry]
    10 | D        | Reached XP level 7. HP: 76/76 MP: 7/7
    10 | D        | Gained mutation: You are immune to clouds of flame. [demonic ancestry]
    10 | D        | Reached XP level 8. HP: 83/83 MP: 8/8
    10 | D        | Reached XP level 9. HP: 89/89 MP: 9/9
    10 | D        | Reached XP level 10. HP: 97/97 MP: 10/10
    10 | D        | Reached XP level 11. HP: 103/103 MP: 11/11
    10 | D        | Reached XP level 12. HP: 110/110 MP: 12/12
    10 | D        | Gained mutation: You have a pair of large antennae on your head. (SInv) [demonic ancestry]
    10 | D        | Reached XP level 13. HP: 116/116 MP: 13/13
    10 | D        | Killed a bag of meat
    10 | D        | Reached * piety under Makhleb
    10 | D        | Reached skill level 16 in Fighting
    10 | D        | Reached skill level 15 in Axes
    10 | D        | Reached skill level 15 in Armour
    10 | D        | Reached skill level 15 in Dodging
    10 | D        | Reached skill level 15 in Shields
    10 | D        | Killed a bag of meat
    10 | D        | Reached skill level 17 in Fighting
    10 | D        | Reached skill level 16 in Axes
    10 | D        | Reached skill level 16 in Armour
    10 | D        | Reached skill level 16 in Dodging
    10 | D        | Reached skill level 16 in Shields
    10 | D        | Reached XP level 14. HP: 129/129 MP: 14/14
    10 | D        | Noticed a bag of meat
    11 | D        | Killed a meat berserker
    11 | D        | Reached skill level 19 in Fighting
    11 | D        | Reached skill level 18 in Axes
    11 | D        | Reached skill level 18 in Armour
    11 | D        | Reached skill level 18 in Dodging
    11 | D        | Reached skill level 18 in Shields
    11 | D        | Gained mutation: You are mostly covered in yellow scales. (AC +3) [demonic ancestry]
    11 | D        | Reached XP level 15. HP: 139/139 MP: 15/15
    11 | D        | Reached ** piety under Makhleb
    11 | D        | Reached skill level 20 in Fighting
    12 | D        | Reached skill level 19 in Axes
    12 | D        | Reached skill level 19 in Armour
    12 | D        | Reached skill level 19 in Dodging
    12 | D        | Reached skill level 19 in Shields
    12 | D        | Reached skill level 21 in Fighting
    12 | D        | Reached skill level 20 in Axes
    12 | D        | Reached skill level 20 in Armour
    12 | D        | Reached skill level 20 in Dodging
    12 | D        | Reached skill level 20 in Shields
    12 | D        | Gained mutation: You are completely covered in yellow scales. (AC +4, rCorr) [demonic ancestry]
    12 | D        | Reached XP level 16. HP: 152/152 MP: 16/16
    14 | D        | Noticed a meat berserker
    15 | D        | Noticed a meat berserker
    17 | D        | Noticed a meat berserker
    17 | D        | Noticed a meat berserker
    17 | D        | Reached *** piety under Makhleb
    17 | D        | Reached skill level 22 in Fighting
    17 | D        | Reached skill level 21 in Axes
    17 | D        | Reached skill level 21 in Armour
    17 | D        | Reached skill level 21 in Dodging
    17 | D        | Reached skill level 21 in Shields
    18 | D        | Noticed a meat berserker
    18 | D        | Noticed a meat berserker
    18 | D        | Reached skill level 23 in Fighting
    18 | D        | Gained mutation: You are robust. (+10% HP) [demonic ancestry]
    18 | D        | Reached XP level 17. HP: 157/180 MP: 17/17
    18 | D        | Killed a meat berserker
    18 | D        | Reached **** piety under Makhleb
    18 | D        | Reached skill level 24 in Fighting
    18 | D        | Reached skill level 22 in Axes
    18 | D        | Reached skill level 22 in Armour
    18 | D        | Reached skill level 22 in Dodging
    18 | D        | Reached skill level 22 in Shields
    18 | D        | Reached skill level 25 in Fighting
    18 | D        | Reached skill level 23 in Axes
    18 | D        | Reached skill level 23 in Armour
    18 | D        | Reached skill level 23 in Dodging
    18 | D        | Reached skill level 23 in Shields
    19 | D        | Noticed a meat berserker
    20 | D        | Noticed a meat berserker
    20 | D        | Noticed a large bag of meat
    20 | D        | Noticed a meat berserker
    20 | D        | Noticed a meat berserker
    20 | D        | Gained mutation: You sometimes gain power by taking damage. [demonic ancestry]
    20 | D        | Reached XP level 18. HP: 194/194 MP: 18/18
    20 | D        | Killed a meat berserker
    20 | D        | Reached skill level 26 in Fighting
    20 | D        | Reached skill level 24 in Axes
    20 | D        | Reached skill level 24 in Armour
    20 | D        | Reached skill level 24 in Dodging
    20 | D        | Reached skill level 24 in Shields
    20 | D        | Killed a meat berserker
    20 | D        | Reached ***** piety under Makhleb
    20 | D        | Reached skill level 27 in Fighting
    20 | D        | Reached skill level 25 in Axes
    20 | D        | Reached skill level 25 in Armour
    20 | D        | Reached skill level 25 in Dodging
    20 | D        | Reached skill level 25 in Shields
    20 | D        | Reached XP level 19. HP: 207/207 MP: 19/19
    20 | D        | Reached skill level 26 in Axes
    20 | D        | Reached skill level 26 in Armour
    20 | D        | Reached skill level 26 in Dodging
    20 | D        | Reached skill level 26 in Shields
    21 | D        | Noticed a large bag of meat
    21 | D        | Noticed a large bag of meat
    22 | D        | Noticed a large bag of meat
    23 | D        | Noticed a destroyer
    23 | D        | Killed a large bag of meat
    23 | D        | Reached skill level 27 in Axes
    23 | D        | Reached skill level 27 in Armour
    23 | D        | Reached skill level 27 in Dodging
    23 | D        | Reached skill level 27 in Shields
    23 | D        | Reached skill level 4 in Throwing
    23 | D        | Reached skill level 4 in Stealth
    23 | D        | Reached skill level 4 in Unarmed Combat
    23 | D        | Reached skill level 4 in Spellcasting
    23 | D        | Reached skill level 5 in Invocations
    23 | D        | Reached skill level 7 in Throwing
    23 | D        | Reached skill level 7 in Stealth
    23 | D        | Reached skill level 7 in Unarmed Combat
    23 | D        | Reached skill level 7 in Spellcasting
    23 | D        | Reached skill level 10 in Invocations
    23 | D        | Reached skill level 9 in Throwing
    23 | D        | Reached skill level 10 in Stealth
    23 | D        | Reached skill level 9 in Unarmed Combat
    23 | D        | Reached skill level 9 in Spellcasting
    23 | D        | Reached skill level 12 in Invocations
    23 | D        | Reached skill level 11 in Throwing
    23 | D        | Reached skill level 12 in Stealth
    23 | D        | Reached skill level 11 in Unarmed Combat
    23 | D        | Reached skill level 11 in Spellcasting
    23 | D        | Reached skill level 15 in Invocations
    23 | D        | Reached XP level 20. HP: 216/216 MP: 19/35
    23 | D        | Reached skill level 12 in Throwing
    23 | D        | Reached skill level 13 in Stealth
    23 | D        | Reached skill level 12 in Unarmed Combat
    23 | D        | Reached skill level 12 in Spellcasting
    23 | D        | Reached skill level 16 in Invocations
    23 | D        | Reached ****** piety under Makhleb
    23 | D        | Reached skill level 13 in Throwing
    23 | D        | Reached skill level 14 in Stealth
    23 | D        | Reached skill level 13 in Unarmed Combat
    23 | D        | Reached skill level 13 in Spellcasting
    23 | D        | Reached skill level 18 in Invocations
    23 | D        | Killed a meat berserker
    23 | D        | Reached skill level 15 in Throwing
    23 | D        | Reached skill level 16 in Stealth
    23 | D        | Reached skill level 15 in Unarmed Combat
    23 | D        | Reached skill level 15 in Spellcasting
    23 | D        | Reached skill level 20 in Invocations
    23 | D        | Reached skill level 16 in Throwing
    23 | D        | Reached skill level 17 in Stealth
    23 | D        | Reached skill level 16 in Unarmed Combat
    23 | D        | Reached skill level 16 in Spellcasting
    23 | D        | Reached skill level 21 in Invocations
    24 | D        | Noticed a large bag of meat
    25 | D        | Noticed a large bag of meat
    25 | D        | Reached skill level 17 in Throwing
    25 | D        | Reached skill level 18 in Stealth
    25 | D        | Reached skill level 17 in Unarmed Combat
    25 | D        | Reached skill level 17 in Spellcasting
    25 | D        | Reached skill level 22 in Invocations
    25 | D        | Gained mutation: You are very robust. (+20% HP) [demonic ancestry]
    25 | D        | Reached XP level 21. HP: 216/244 MP: 19/42
    25 | D        | Reached skill level 18 in Throwing
    25 | D        | Reached skill level 19 in Stealth
    25 | D        | Reached skill level 18 in Unarmed Combat
    25 | D        | Reached skill level 18 in Spellcasting
    25 | D        | Reached skill level 23 in Invocations
    25 | D        | Reached skill level 20 in Stealth
    25 | D        | Reached skill level 24 in Invocations
    25 | D        | Reached skill level 19 in Throwing
    25 | D        | Reached skill level 19 in Unarmed Combat
    25 | D        | Reached skill level 19 in Spellcasting
    25 | D        | Reached skill level 25 in Invocations
    25 | D        | Reached skill level 20 in Throwing
    25 | D        | Reached skill level 21 in Stealth
    25 | D        | Reached skill level 20 in Unarmed Combat
    25 | D        | Reached skill level 20 in Spellcasting
    25 | D        | Reached skill level 26 in Invocations
    25 | D        | Reached skill level 21 in Throwing
    25 | D        | Reached skill level 22 in Stealth
    25 | D        | Reached skill level 21 in Unarmed Combat
    25 | D        | Reached skill level 21 in Spellcasting
    25 | D        | Reached skill level 27 in Invocations
    25 | D        | Reached XP level 22. HP: 254/254 MP: 19/47
    25 | D        | Reached skill level 22 in Throwing
    25 | D        | Reached skill level 24 in Stealth
    25 | D        | Reached skill level 22 in Unarmed Combat
    25 | D        | Reached skill level 22 in Spellcasting
    26 | D        | Killed a large bag of meat
    26 | D        | Reached skill level 23 in Throwing
    26 | D        | Reached skill level 25 in Stealth
    26 | D        | Reached skill level 23 in Unarmed Combat
    26 | D        | Reached skill level 23 in Spellcasting
    26 | D        | Killed a large bag of meat
    26 | D        | Reached skill level 25 in Throwing
    26 | D        | Reached skill level 26 in Stealth
    26 | D        | Reached skill level 24 in Unarmed Combat
    26 | D        | Reached skill level 24 in Spellcasting
    26 | D        | Reached skill level 26 in Throwing
    26 | D        | Reached skill level 27 in Stealth
    26 | D        | Reached skill level 26 in Unarmed Combat
    26 | D        | Reached skill level 26 in Spellcasting
    26 | D        | Gained mutation: You are extremely robust. (+30% HP) [demonic ancestry]
    26 | D        | Reached XP level 23. HP: 254/284 MP: 19/53
    26 | D        | Reached skill level 27 in Throwing
    26 | D        | Reached skill level 27 in Unarmed Combat
    26 | D        | Reached skill level 27 in Spellcasting
    26 | D        | Killed a large bag of meat
    29 | D        | Killed a destroyer
    29 | D        | Reached XP level 24. HP: 295/295 MP: 20/54
    32 | D        | Gained mutation: Your demonic aura causes spilled blood to erupt in flames. [demonic ancestry]
    32 | D        | Reached XP level 25. HP: 304/304 MP: 34/54
    34 | D        | Noticed a destroyer
    35 | D        | Killed a large bag of meat
    48 | D        | Noticed a destroyer
    49 | D        | Noticed The Servant
    50 | D        | Noticed a tyrant
    52 | D        | Noticed an accursed
    53 | D        | Killed a tyrant
    53 | D        | Gained mutation: You are powered by pain. [demonic ancestry]
    53 | D        | Reached XP level 26. HP: 314/314 MP: 41/54
    54 | D        | Noticed a destroyer
    54 | D        | Noticed a destroyer
    56 | D        | Noticed an accursed
    56 | D        | Noticed an accursed
    56 | D        | Killed a large bag of meat
    58 | D        | Reached XP level 27. HP: 323/323 MP: 54/54
    60 | D        | Noticed The Captor
    60 | D        | Killed an accursed
    60 | D        | Killed an accursed
    61 | D        | Killed a destroyer
    63 | D        | Killed a destroyer
    65 | D        | Killed The Captor
    66 | D        | Noticed a meat beast
    67 | D        | Noticed a meat beast
    68 | D        | Noticed a dread
    68 | D        | Noticed a destroyer
    68 | D        | Noticed an accursed
    68 | D        | Noticed an accursed
    68 | D        | HP: 77/323 [??? (75)]
    69 | D        | Noticed a destroyer
    69 | D        | Killed a meat beast
    69 | D        | HP: 34/323 [accursed/divine providence (15)]
    72 | D        | Killed an accursed
    72 | D        | Killed a meat beast
    72 | D        | Killed a destroyer
    73 | D        | Killed a destroyer
    74 | D        | HP: 53/321 [sculptor of flesh/+9 great sword (230)]
    74 | D        | HP: 4/321 [destroyer/+9 great sword of slicing (49)]
    74 | D        | Demolished by a bag of meat

Vault maps used:
D:        meatsprint

Skill      XL: |  1  2  3  4  5  6  7  8  9 10 11 12 13 14 15 16 17 18 19 20 21 22 23 |
---------------+----------------------------------------------------------------------+-----
Fighting       | 15 17 19 21 23 25 27 | 27.0
Axes           | 14 16 18 20 21 23 25 27 | 27.0
Armour         | 14 16 18 20 21 23 25 27 | 27.0
Dodging        | 14 16 18 20 21 23 25 27 | 27.0
Shields        | 14 16 18 20 21 23 25 27 | 27.0
Throwing       | 11 17 21 26 27 | 27.0
Stealth        | 12 18 22 27 | 27.0
Unarmed Combat | 11 17 21 26 27 | 27.0
Spellcasting   | 11 17 21 26 27 | 27.0
Invocations    | 15 22 27 | 27.0

Action                   |  1- 3 |  4- 6 |  7- 9 | 10-12 | 13-15 | 16-18 | 19-21 | 22-24 | 25-27 || total
-------------------------+-------+-------+-------+-------+-------+-------+-------+-------+-------++-------
Melee: Executioner's axe |     1 |       |       |       |     2 |     3 |     2 |     3 |    18 ||    29
  Use: Potion            |       |       |       |       |       |       |       |       |     1 ||     1
Armor: Scale mail        |       |       |       |       |       |       |     1 |       |     3 ||     4
Dodge: Dodged            |       |       |       |       |       |       |     2 |     1 |     7 ||    10

Vault maps used:
D:        meatsprint

Table legend:
 A = Turns spent in this place as a percentage of turns spent in the entire game.
 B = Non-inter-level travel turns spent in this place as a percentage of non-inter-level travel turns spent in the entire game.
 C = Inter-level travel turns spent in this place as a percentage of turns spent in this place.
 D = Turns resting spent in this place as a percentage of non-inter-level travel turns spent in this place.
 E = Turns spent auto-exploring this place as a percentage of non-inter-level travel turns spent in this place.
 F = Non-inter-level travel turns spent in this place divided by the number of levels of this place that you've seen.
                   A       B       C       D       E      F
               +-------+-------+-------+-------+-------+----------------------
         Total | 100.0 | 100.0 |   0.0 |   0.0 |   0.0 | 163.0
       Dungeon | 100.0 | 100.0 |   0.0 |   0.0 |   0.0 | 163.0
               +-------+-------+-------+-------+-------+----------------------

Table legend:
 A = Kills in this place as a percentage of kills in entire the game.
 B = Kills by you in this place as a percentage of kills by you in the entire game.
 C = Kills by friends in this place as a percentage of kills by friends in the entire game.
 D = Other kills in this place as a percentage of other kills in the entire game.
 E = Experience gained in this place as a percentage of experience gained in the entire game.
 F = Experience gained in this place divided by the number of levels of this place that you have seen.
                   A       B       C       D       E      F
               +-------+-------+-------+-------+-------+----------------------
         Total | 100.0 | 100.0 |  -nan |  -nan | 100.0 | 2653487.0
       Dungeon | 100.0 | 100.0 |  -nan |  -nan | 100.0 | 2653487.0
               +-------+-------+-------+-------+-------+----------------------
